 Dungeon Crawl Stone Soup version 0.29-a0-468-ge57f7f99b4 (webtiles) character file.

Game seed: 5487258723473439019

877 bande the Chopper (level 8, -3/48 HPs)
             Began as a Gargoyle Fighter on May 22, 2022.
             Slain by an orc
             ... wielding a +0 hand axe
              (4 damage)
             ... on level 5 of the Dungeon.
             The game lasted 00:09:27 (4831 turns).

bande the Chopper (Gargoyle Fighter)                Turns: 4831, Time: 00:09:28

Health: -3/48      AC: 21    Str: 19    XL:     8   Next: 4%
Magic:  8/8        EV:  6    Int: 10    God:
Gold:   833        SH:  8    Dex: 11    Spells: 7/7 levels left

rFire   . . .      SeeInvis .   b - +2 broad axe (vorpal)
rCold   + . .      Faith    .   p - +0 kite shield {AC+3}
rNeg    + . .      Spirit   .   q - +1 chain mail {rC+}
rPois   ∞          Reflect  .   (no helmet)
rElec   +          Harm     .   (no cloak)
rCorr   .          Rampage  .   (no gloves)
Will    .....                   k - +1 pair of boots
Stlth   ..........              (no amulet)
HPRegen 0.16/turn               (no ring)
MPRegen 0.11/turn               (no ring)

@: no status effects
A: sickness immunity, AC +5, negative energy resistance 1, electricity
resistance, torment resistance 1, petrification resistance
a: no special abilities


You were on level 5 of the Dungeon.
You visited 1 branch of the dungeon, and saw 5 of its levels.

You collected 833 gold pieces.

Inventory:

Hand Weapons
 a - a +0 war axe
 b - a +2 vorpal broad axe (weapon)
 g - a +0 flail
 h - a +2 vorpal hunting sling
 n - the +10 mace "Ruodumim" {flame, rElec Str+2}
   (You found it on level 5 of the Dungeon)

   It burns those it strikes, dealing additional fire damage.
   Str:       It affects your strength (+2).
   rElec:     It insulates you from electricity.
Armour
 k - a +1 pair of boots (worn)
 p - a +0 kite shield of protection (worn)
 q - a +1 chain mail of cold resistance (worn)
Jewellery
 e - a ring of fire
Wands
 c - a wand of flame (21)
Scrolls
 j - a scroll of fear
 m - a scroll of teleportation
 r - a scroll of enchant armour
 s - a scroll of fog
Potions
 d - a potion of might
 f - a potion of curing
 i - a potion of brilliance {unknown}
 l - a potion of haste {unknown}
 o - a potion of heal wounds {unknown}


   Skills:
 + Level 4.8 Fighting
 + Level 6.0 Axes
 + Level 5.4 Armour
 + Level 4.7 Shields


You had 7 spell levels left.
You didn't know any spells.
Your spell library contained the following spells:

 Spells                   Type           Power      Damage    Failure   Level
 Wereblood                Tmut           0%         N/A       100%        2
 Summon Guardian Golem    Hex/Summ       0%         N/A       100%        3
 Orb of Destruction       Conj           0%         9d5       100%        7
 Spellforged Servitor     Conj/Summ      0%         N/A       100%        7
 Summon Hydra             Summ           0%         N/A       100%        7
 Sublimation of Blood     Necr           Unusable   N/A       N/A         2

Dungeon Overview and Level Annotations

Branches:
Dungeon (5/15)
 Temple: D:4-7

Altars:
Ashenzari

Shops:
D:4 [


Innate Abilities, Weirdness & Mutations

You are immune to sickness and miasma.
Your stone body is resilient. (AC +5)
You are immune to poison.
You resist negative energy. (rN+)
You are resistant to electric shocks. (rElec)
You are resistant to unholy torment.
You are immune to petrification.


Message History

You are too injured to fight recklessly!
You slash the orc priest!
The orc priest is almost dead.
The orc priest closely misses you.
Unknown command.
You hit the orc.
The orc is almost dead.
The orc priest looks encouraged for a moment.
The orc hits you with a +0 dagger.
You slash the orc!
You kill the orc!
The orc priest looks braver for a moment.
You barely miss the orc priest.
The orc priest is almost dead.
The orc priest mumbles some strange prayers to Beogh against you.
You struggle to resist.
You closely miss the orc priest.
The orc priest is almost dead.
The orc priest hits you but does no damage.
The orc priest hits you with a +0 war axe.
An orc comes into view. It is wielding a +0 hand axe.
You slash the orc priest!
You kill the orc priest!
Your Axes skill increases to level 6!
You have reached level 8!
You feel clever.
You closely miss the orc priest.
The orc priest hits you but does no damage.
The orc priest hits you with a +0 dagger.
Unknown command.
You slash the orc priest!
The orc priest is severely wounded.
The orc priest mumbles some strange prayers to Beogh against you.
Beogh smites you!
* * * LOW HITPOINT WARNING * * *
You slash the orc priest!
You kill the orc priest!
The orc hits you but does no damage.
You barely miss the orc. The orc hits you with a +0 hand axe.
You die...

### #.. #.# ...
############ #.#
...........# #.#
##########.# #o#
#.##.##@########
#.##.##........#
#.##.##..#####.#
#.##.##..#
#.##.##..#####.#.
#.##.##..........
#.##.###.########
#.##.###.#
#........#


You could see an orc.

Vanquished Creatures
  Edmund (D:5)
  An ice beast (D:5)
  A black bear (D:4)
  A phantom (D:4)
  A howler monkey (D:5)
  A bullfrog zombie (D:4)
  A centaur skeleton (D:4)
  4 orc priests
  2 scorpion zombies (D:4)
  2 orc wizards
  A hound zombie (D:4)
  2 hound skeletons (D:4)
  4 adders
  An ufetubus (D:5)
  2 adder zombies (D:4)
  3 worms (D:2)
  12 orcs
  5 ball pythons
  6 bats
  6 endoplasms
  7 giant cockroaches
  4 goblins
  3 hobgoblins
  5 jackals
  5 kobolds
  2 quokkas
  5 frilled lizards
  7 rats
95 creatures vanquished.

Vanquished Creatures (others)
  A withered plant (D:4)
1 creature vanquished.

Grand Total: 96 creatures vanquished

Notes
Turn   | Place    | Note
-------+----------+-------------------------------------------
     0 | D:1      | bande the Gargoyle Fighter began the quest for the Orb.
     0 | D:1      | Reached XP level 1. HP: 14/14 MP: 1/1
    73 | D:1      | Reached XP level 2. HP: 11/19 MP: 2/2
   268 | D:1      | Reached skill level 2 in Axes
   376 | D:1      | Found a faded altar of an unknown god.
   969 | D:2      | Reached XP level 3. HP: 22/23 MP: 3/3
  1538 | D:2      | Reached XP level 4. HP: 28/28 MP: 4/4
  2123 | D:3      | Found a broken altar of Ashenzari.
  2456 | D:3      | Identified 2 scrolls of acquirement
  2456 | D:3      | Acquired a +2 vorpal broad axe
  2460 | D:3      | Acquired 562 gold pieces
  2692 | D:4      | Found Epho's Antique Armour Boutique.
  2743 | D:4      | Noticed a phantom
  2747 | D:4      | Reached skill level 3 in Axes
  2750 | D:4      | Killed a phantom
  2751 | D:4      | Reached XP level 5. HP: 31/33 MP: 5/5
  2785 | D:4      | Noticed a black bear
  2800 | D:4      | Killed a black bear
  2801 | D:4      | Reached skill level 4 in Axes
  2801 | D:4      | Reached XP level 6. HP: 9/38 MP: 6/6
  3147 | D:5      | Entered Level 5 of the Dungeon
  3633 | D:4      | Reached skill level 5 in Armour
  3935 | D:4      | Reached XP level 7. HP: 43/43 MP: 7/7
  4153 | D:5      | Identified the +10 mace "Ruodumim" {flame, rElec Str+2}
  4196 | D:5      | Reached skill level 5 in Axes
  4327 | D:5      | Noticed Edmund
  4342 | D:5      | Killed Edmund
  4828 | D:5      | Reached skill level 6 in Axes
  4828 | D:5      | Reached XP level 8. HP: 17/48 MP: 8/8
  4829 | D:5      | HP: 1/48 [orc priest/divine providence (15)]
  4831 | D:5      | Slain by an orc

Illustrated notes

Levels and vault maps discovered:
D:1:      ncdulo_lavacross, layout_loops_cross,
          hellmonk_ecumenical_altar_arch_garden
D:2:      layout_basic, dk_noncrumbling_3
D:3:      layout_loops_ring, general_overflow_altar, nrook_loot_triangle,
          nicolae_figureground_pulse
D:4:      layout_basic, serial_undead, serial_undead_a, serial_undead_a,
          serial_undead_a, serial_undead_e, serial_shops,
          nicolae_shop_hallway_stairs
D:5:      layout_loops_ring, uniq_edmund

Skill      XL: |  1  2  3  4  5  6  7 |
---------------+----------------------+-----
Axes           | 2 3 4 6 |  6.0
Armour         | 4 5 |  5.4
Fighting       | 4 |  4.8
Shields        | 4 |  4.7

Action                   |  1- 3 |  4- 6 |  7- 9 || total
-------------------------+-------+-------+-------++-------
Melee: War axe           |    98 |    81 |       ||   179
       Broad axe         |       |    70 |    62 ||   132
  Use: Scroll            |     4 |     9 |     1 ||    14
       Potion            |       |       |     2 ||     2
Armor: Scale mail        |    48 |    50 |       ||    98
       Chain mail        |       |    91 |    44 ||   135
Dodge: Dodged            |    41 |    89 |    11 ||   141
Block: Buckler           |    23 |    31 |     6 ||    60
       Kite shield       |       |       |    15 ||    15

Table legend: (Time is in decaauts)
 A = Elapsed time spent in this place.
 B = Non-inter-level travel time spent in this place.
 C = Inter-level travel time spent in this place.
 D = Time resting spent in this place.
 E = Time spent auto-exploring this place.
 F = Levels seen in this place.
 G = Mean time per level.
                   A        B        C        D        E       F      G
               +--------+--------+--------+--------+--------+-----+--------+
         Total |   4962 |   4962 |      0 |   1103 |   2784 |   5 |  992.4 |
       Dungeon |   4962 |   4962 |      0 |   1103 |   2784 |   5 |  992.4 |
               +--------+--------+--------+--------+--------+-----+--------+

Top non-repeatable levels by time:
     D:4: 1468 daAuts
     D:1: 979 daAuts
     D:2: 971 daAuts
     D:3: 817 daAuts
     D:5: 725 daAuts
